TOP OF THE 1ST |
Clemson Tigers batting - Pitching for Seton Hall Pirates : LHP Rusty O'Quinn
|
Pitching: LHP Rusty O'Quinn
|
|
Batting: LHB Aaron Thompson
|
0-0: Ball 1-0: Called Strike 1-1: Ball 2-1: Ball 3-1: Swinging Strike 3-2: Base on Balls
|
Batting: RHB Samuel Eaton
|
0-0: Called Strike 0-1: Foul Ball, location: 2F 0-2: Ball 1-2: SINGLE (Groundball, 56D) Aaron Thompson to second
|
Batting: LHB Frank Vázquez
|
0-0: Ball 1-0: Foul Ball, location: 2F 1-1: Foul Ball, location: 2F 1-2: Foul Ball, location: 2F 1-2: Ball 2-2: Ball 3-2: Fly out, F8 (Flyball, 8RXD) Runner from 2nd tags up, SAFE at 3rd, no throw
|
Batting: RHB Leonard Harris
|
0-0: Ball Samuel Eaton steals 2nd base 1-0: Ball 2-0: Foul Ball, location: 2F 2-1: Foul Ball, location: 2F 2-2: Foul Ball, location: 2F 2-2: Foul Ball, location: 2F 2-2: Foul Ball, location: 2F 2-2: Foul Ball, location: 2F 2-2: DOUBLE (Line Drive, 89M) Aaron Thompson scores Samuel Eaton scores
|
Batting: LHB Peter Puckett
|
0-0: Called Strike 0-1: SINGLE (Flyball, 7LM) Leonard Harris to third Runner from 3rd tries for Home, SAFE, throw made home
|
Batting: RHB Henry Gregory
|
0-0: Called Strike 0-1: Ball 1-1: Ball 2-1: Called Strike 2-2: Ball 3-2: Base on Balls Peter Puckett to second
|
Batting: LHB Bob Huerta
|
0-0: Called Strike 0-1: Fly out, F3 (Popup, 34S)
|
Batting: LHB Wilson Turner
|
0-0: Ball 1-0: Called Strike 1-1: 3-RUN HOME RUN (Flyball, 9D), Distance : 349 ft
|
Batting: RHB Wayne Scott
|
0-0: Called Strike 0-1: Ball 1-1: Foul Ball, location: 2F 1-2: Ball 2-2: Ball 3-2: Base on Balls
|
Batting: LHB Aaron Thompson
|
0-0: Ball 1-0: Ball Wayne Scott steals 2nd base 2-0: Ball 3-0: Base on Balls
|
Batting: RHB Samuel Eaton
|
0-0: Foul Ball, location: 2F 0-1: Ball 1-1: Fielders Choice at 2nd, 5-4 (Groundball, 5)
|
Top of the 1st over - 6 run(s), 4 hit(s), 0 error(s), 1 left on base; Clemson 6 - Seton Hall 0 |
BOTTOM OF THE 1ST |
Seton Hall Pirates batting - Pitching for Clemson Tigers : RHP Eric MacCormck
|
Pitching: RHP Eric MacCormck
|
|
Batting: RHB Clancy Bradshaw
|
0-0: Ball 1-0: SINGLE (Groundball, 4D)
|
Batting: RHB George Medine
|
0-0: Fly out, F7 (Flyball, 7)
|
Batting: SHB Carlton Moreno
|
0-0: Called Strike Clancy Bradshaw is caught stealing 2nd base 0-1: Foul Ball, location: 2F 0-2: Fly out, F8 (Flyball, 8RM)
|
Bottom of the 1st over - 0 run(s), 1 hit(s), 0 error(s), 0 left on base; Clemson 6 - Seton Hall 0 |
TOP OF THE 2ND |
Clemson Tigers batting - Pitching for Seton Hall Pirates : LHP Rusty O'Quinn
|
Batting: LHB Frank Vázquez
|
0-0: Ball 1-0: Called Strike 1-1: Ball 2-1: Ball 3-1: SOLO HOME RUN (Flyball, 9D), Distance : 359 ft
|
Batting: RHB Leonard Harris
|
0-0: Ball 1-0: Foul Ball, location: 2F 1-1: Ball 2-1: Foul Ball, location: 2F 2-2: Ball 3-2: SINGLE (Line Drive, 6D)
|
Batting: LHB Peter Puckett
|
0-0: Ball 1-0: Called Strike Leonard Harris is caught stealing 2nd base 1-1: Called Strike 1-2: Ball 2-2: Ball 3-2: Foul Ball, location: 2F 3-2: Base on Balls
|
Batting: RHB Henry Gregory
|
0-0: Ball 1-0: Ball 2-0: Foul Ball, location: 2F 2-1: Fly out, F7 (Flyball, 7S)
|
Batting: LHB Bob Huerta
|
0-0: Called Strike 0-1: Ball 1-1: Ground out U3 (Groundball, 34)
|
Top of the 2nd over - 1 run(s), 2 hit(s), 0 error(s), 1 left on base; Clemson 7 - Seton Hall 0 |
BOTTOM OF THE 2ND |
Seton Hall Pirates batting - Pitching for Clemson Tigers : RHP Eric MacCormck
|
Batting: RHB Charles Branigan
|
0-0: SINGLE (Flyball, 89S)
|
Batting: LHB Jerry Benjamin
|
0-0: Ball 1-0: Ball Wild Pitch! Charles Branigan to second 2-0: Ball 3-0: Base on Balls
|
Batting: RHB Ray Hernández
|
0-0: Swinging Strike 0-1: DOUBLE (Line Drive, 8LM) Charles Branigan scores Jerry Benjamin to third
|
Batting: RHB Mark Morris
|
0-0: Foul Ball, location: 2F 0-1: Ball 1-1: Swinging Strike 1-2: Strikes out swinging
|
Batting: RHB Tim Torres
|
0-0: Foul Ball, location: 2F 0-1: Ball 1-1: Swinging Strike 1-2: Ball 2-2: Strikes out swinging
|
Batting: LHB Michael Graham
|
0-0: 3-RUN HOME RUN (Flyball, 9D), Distance : 357 ft
|
Batting: RHB Clancy Bradshaw
|
0-0: Ball 1-0: Foul Ball, location: 2F 1-1: SINGLE (Groundball, 34D)
|
Batting: RHB George Medine
|
0-0: Called Strike Clancy Bradshaw steals 2nd base 0-1: Reached on error, E5 (Groundball, 56) Clancy Bradshaw to third
|
Batting: SHB Carlton Moreno
|
0-0: Ball 1-0: Called Strike 1-1: Ball 2-1: Called Strike 2-2: Strikes out swinging
|
Bottom of the 2nd over - 4 run(s), 4 hit(s), 1 error(s), 2 left on base; Clemson 7 - Seton Hall 4 |
TOP OF THE 3RD |
Clemson Tigers batting - Pitching for Seton Hall Pirates : LHP Rusty O'Quinn
|
Batting: LHB Wilson Turner
|
0-0: Ball 1-0: SINGLE (Flyball, 7LS)
|
Batting: RHB Wayne Scott
|
0-0: Ball 1-0: Called Strike 1-1: Ball 2-1: Foul Ball, location: 2F 2-2: Ball Wilson Turner steals 2nd base 3-2: Strikes out looking
|
Pitching: RHP Dylan Chapman
|
|
Batting: LHB Aaron Thompson
|
0-0: Ball 1-0: Swinging Strike 1-1: Ball 2-1: Swinging Strike 2-2: Ball 3-2: Base on Balls
|
Batting: RHB Samuel Eaton
|
0-0: Ball 1-0: Grounds into double play, 3-6-4 (Groundball, 34)
|
Top of the 3rd over - 0 run(s), 1 hit(s), 0 error(s), 1 left on base; Clemson 7 - Seton Hall 4 |
BOTTOM OF THE 3RD |
Seton Hall Pirates batting - Pitching for Clemson Tigers : RHP Eric MacCormck
|
Batting: RHB Charles Branigan
|
0-0: Foul Ball, location: 2F 0-1: Ball 1-1: Foul Ball, location: 2F 1-2: Ground out 5-3 (Groundball, 5)
|
Batting: LHB Jerry Benjamin
|
0-0: Ball 1-0: SINGLE (Groundball, 56D)
|
Batting: RHB Ray Hernández
|
0-0: Ball Jerry Benjamin steals 2nd base 1-0: Ball 2-0: Fly out, F9 (Flyball, 9S)
|
Batting: RHB Mark Morris
|
0-0: Called Strike 0-1: Foul Ball, location: 2F 0-2: Ball 1-2: Ball 2-2: Foul Ball, location: 2F 2-2: Foul Ball, location: 2F 2-2: Ball 3-2: Ground out 4-3 (Groundball, 4D)
|
Bottom of the 3rd over - 0 run(s), 1 hit(s), 0 error(s), 1 left on base; Clemson 7 - Seton Hall 4 |
TOP OF THE 4TH |
Clemson Tigers batting - Pitching for Seton Hall Pirates : RHP Dylan Chapman
|
Batting: LHB Frank Vázquez
|
0-0: Ball 1-0: Called Strike 1-1: Called Strike 1-2: Strikes out looking
|
Batting: RHB Leonard Harris
|
0-0: Ball 1-0: Ball 2-0: Called Strike 2-1: Ball 3-1: Swinging Strike 3-2: Foul Ball, location: 2F 3-2: Strikes out swinging
|
Batting: LHB Peter Puckett
|
0-0: Called Strike 0-1: Ball 1-1: Called Strike 1-2: Strikes out looking
|
Top of the 4th over - 0 run(s), 0 hit(s), 0 error(s), 0 left on base; Clemson 7 - Seton Hall 4 |
BOTTOM OF THE 4TH |
Seton Hall Pirates batting - Pitching for Clemson Tigers : RHP Eric MacCormck
|
Batting: RHB Tim Torres
|
0-0: Called Strike 0-1: Swinging Strike 0-2: Strikes out swinging
|
Batting: LHB Michael Graham
|
0-0: Called Strike 0-1: Ball 1-1: Ball 2-1: Called Strike 2-2: Fly out, F7 (Flyball, 7)
|
Batting: RHB Clancy Bradshaw
|
0-0: Ball 1-0: Called Strike 1-1: Ball 2-1: Ground out 6-3 (Groundball, 6)
|
Bottom of the 4th over - 0 run(s), 0 hit(s), 0 error(s), 0 left on base; Clemson 7 - Seton Hall 4 |
TOP OF THE 5TH |
Clemson Tigers batting - Pitching for Seton Hall Pirates : RHP Dylan Chapman
|
Batting: RHB Henry Gregory
|
0-0: Ball 1-0: Swinging Strike 1-1: Foul Ball, location: 2F 1-2: DOUBLE (Flyball, 8LD)
|
Batting: LHB Bob Huerta
|
0-0: Called Strike 0-1: Ball 1-1: Ball 2-1: Foul Ball, location: 2F 2-2: SINGLE (Line Drive, 6MD) Henry Gregory to third Runner from 3rd tries for Home, SAFE, throw made home Bob Huerta to second
|
Batting: LHB Wilson Turner
|
0-0: Ball 1-0: Called Strike 1-1: Ball 2-1: Foul Ball, location: 2F 2-2: Strikes out looking
|
Batting: RHB Wayne Scott
|
0-0: Ball 1-0: SINGLE (Groundball, 6MD) Bob Huerta to third
|
Batting: LHB Aaron Thompson
|
0-0: Called Strike 0-1: Ball 1-1: Ball 2-1: Called Strike 2-2: Ball 3-2: Foul Ball, location: 2F 3-2: SINGLE (Groundball, 13) (infield hit) Wayne Scott to second
|
Batting: RHB Samuel Eaton
|
0-0: Grounds into double play, 6-4-3 (Groundball, 6)
|
Top of the 5th over - 1 run(s), 4 hit(s), 0 error(s), 2 left on base; Clemson 8 - Seton Hall 4 |
BOTTOM OF THE 5TH |
Seton Hall Pirates batting - Pitching for Clemson Tigers : RHP Eric MacCormck
|
Batting: RHB George Medine
|
0-0: Called Strike 0-1: Ball 1-1: Foul Ball, location: 2F 1-2: Ball 2-2: Foul Ball, location: 2F 2-2: Foul Ball, location: 2F 2-2: Ball 3-2: Base on Balls
|
Batting: SHB Carlton Moreno
|
0-0: Ball 1-0: Ball George Medine steals 2nd base 2-0: Ball 3-0: Called Strike 3-1: Base on Balls
|
Batting: RHB Charles Branigan
|
0-0: Fly out, F8 (Flyball, 8LM)
|
Batting: LHB Jerry Benjamin
|
0-0: Ball 1-0: Foul Ball, location: 2F 1-1: Ball 2-1: Foul Ball, location: 2F 2-2: Strikes out swinging
|
Pitching: RHP Oscar Martin
|
|
Batting: RHB Ray Hernández
|
0-0: Ball 1-0: Called Strike 1-1: Ball 2-1: Fly out, F8 (Flyball, 8LM)
|
Bottom of the 5th over - 0 run(s), 0 hit(s), 0 error(s), 2 left on base; Clemson 8 - Seton Hall 4 |
TOP OF THE 6TH |
Clemson Tigers batting - Pitching for Seton Hall Pirates : RHP Dylan Chapman
|
Batting: LHB Frank Vázquez
|
0-0: Ball 1-0: Called Strike 1-1: Ball 2-1: Foul Ball, location: 2F 2-2: Ball 3-2: Foul Ball, location: 2F 3-2: Fly out, F8 (Line Drive, 8LD)
|
Pitching: LHP Nathaniel Phillips
|
|
Batting: RHB Leonard Harris
|
0-0: Ground out 5-3 (Groundball, 56S)
|
Batting: LHB Peter Puckett
|
0-0: Ball 1-0: Ball 2-0: Ball 3-0: Base on Balls
|
Batting: RHB Henry Gregory
|
0-0: Foul Ball, location: 2F 0-1: Ball 1-1: Called Strike 1-2: Ball 2-2: Strikes out swinging
|
Top of the 6th over - 0 run(s), 0 hit(s), 0 error(s), 1 left on base; Clemson 8 - Seton Hall 4 |
BOTTOM OF THE 6TH |
Seton Hall Pirates batting - Pitching for Clemson Tigers : RHP Oscar Martin
|
Batting: RHB Mark Morris
|
0-0: SINGLE (Line Drive, 8LS)
|
Batting: RHB Tim Torres
|
0-0: Ball 1-0: Swinging Strike 1-1: Called Strike 1-2: Ball Mark Morris steals 2nd base 2-2: Fly out, F3 (Line Drive, 34)
|
Batting: LHB Michael Graham
|
0-0: Ball 1-0: Called Strike 1-1: Ball 2-1: Foul Ball, location: 2F 2-2: DOUBLE (Line Drive, 78M) Mark Morris scores
|
Batting: RHB Clancy Bradshaw
|
0-0: Called Strike 0-1: Ball 1-1: Ball 2-1: Foul Ball, location: 2F 2-2: SINGLE (Groundball, 4MD) Michael Graham to third Runner from 3rd tries for Home, SAFE, throw made home Clancy Bradshaw to second
|
Batting: RHB George Medine
|
0-0: Ball 1-0: Foul Ball, location: 2F 1-1: Foul Ball, location: 2F 1-2: Ball 2-2: Foul Ball, location: 2F 2-2: Ball 3-2: Strikes out swinging
|
Batting: SHB Carlton Moreno
|
0-0: Ball 1-0: Foul Ball, location: 2F 1-1: Ball 2-1: Foul Ball, location: 2F 2-2: Reached on error, E6 (Groundball, 6) Clancy Bradshaw to third
|
Batting: RHB Charles Branigan
|
0-0: Ball 1-0: Foul Ball, location: 2F 1-1: Ball 2-1: Ball 3-1: Base on Balls Carlton Moreno to second
|
Batting: LHB Jerry Benjamin
|
0-0: Called Strike 0-1: Swinging Strike 0-2: Ball 1-2: Ball 2-2: Strikes out looking
|
Bottom of the 6th over - 2 run(s), 3 hit(s), 1 error(s), 3 left on base; Clemson 8 - Seton Hall 6 |
TOP OF THE 7TH |
Clemson Tigers batting - Pitching for Seton Hall Pirates : LHP Nathaniel Phillips
|
Batting: LHB Bob Huerta
|
0-0: Ball 1-0: Ball 2-0: Foul Ball, location: 2F 2-1: DOUBLE (Line Drive, 8RM)
|
Batting: LHB Wilson Turner
|
0-0: Intentional Walk
|
Pinch Hitting: RHB Gilbert Chapman
|
0-0: Ball 1-0: Called Strike 1-1: Ball 2-1: Foul Ball, location: 2F 2-2: Strikes out looking
|
Batting: LHB Aaron Thompson
|
0-0: Called Strike 0-1: Ball 1-1: Fielders Choice at 2nd, 1-6 (Groundball, P) Bob Huerta to third
|
Batting: RHB Samuel Eaton
|
0-0: Ball 1-0: Fielders Choice at 2nd, 5-4 (Groundball, 5)
|
Top of the 7th over - 0 run(s), 1 hit(s), 0 error(s), 1 left on base; Clemson 8 - Seton Hall 6 |
BOTTOM OF THE 7TH |
Seton Hall Pirates batting - Pitching for Clemson Tigers : RHP Oscar Martin
|
Now at SS: Jesse Brown
|
|
Batting: RHB Ray Hernández
|
0-0: Ground out 1-3 (Groundball, 13)
|
Batting: RHB Mark Morris
|
0-0: Called Strike 0-1: Swinging Strike 0-2: Ball 1-2: Strikes out swinging
|
Batting: RHB Tim Torres
|
0-0: Fly out, F7 (Flyball, 7LS)
|
Bottom of the 7th over - 0 run(s), 0 hit(s), 0 error(s), 0 left on base; Clemson 8 - Seton Hall 6 |
TOP OF THE 8TH |
Clemson Tigers batting - Pitching for Seton Hall Pirates : LHP Nathaniel Phillips
|
Batting: LHB Frank Vázquez
|
0-0: Foul Ball, location: 2F 0-1: Ball 1-1: Foul Ball, location: 2F 1-2: Foul Ball, location: 2F 1-2: Ball 2-2: Ball 3-2: SINGLE (Line Drive, 89S)
|
Pitching: LHP Wilbur Stone
|
|
Batting: RHB Leonard Harris
|
0-0: Called Strike 0-1: Ball 1-1: Ball 2-1: Ball 3-1: Called Strike 3-2: Foul Ball, location: 2F 3-2: SINGLE (Groundball, 56D) Frank Vázquez to second
|
Batting: LHB Peter Puckett
|
0-0: Ball 1-0: Foul Ball, location: 2F 1-1: Foul Ball, location: 2F 1-2: Ball 2-2: Ball 3-2: Foul Ball, location: 2F 3-2: Base on Balls Frank Vázquez to third Leonard Harris to second
|
Batting: RHB Henry Gregory
|
0-0: Ball 1-0: Ball 2-0: Ball 3-0: Called Strike 3-1: Base on Balls Frank Vázquez scores Leonard Harris to third Peter Puckett to second
|
Batting: LHB Bob Huerta
|
0-0: Called Strike 0-1: Foul Ball, location: 2F 0-2: Grounds into double play, 6-2-3 (Groundball, 6M) Peter Puckett to third Henry Gregory to second
|
Batting: LHB Wilson Turner
|
0-0: Called Strike 0-1: Ball 1-1: Called Strike 1-2: Ball 2-2: Fly out, F7 (Flyball, 7)
|
Top of the 8th over - 1 run(s), 2 hit(s), 0 error(s), 2 left on base; Clemson 9 - Seton Hall 6 |
BOTTOM OF THE 8TH |
Seton Hall Pirates batting - Pitching for Clemson Tigers : RHP Oscar Martin
|
Batting: LHB Michael Graham
|
0-0: Called Strike 0-1: Called Strike 0-2: SINGLE (Groundball, 34D)
|
Batting: RHB Clancy Bradshaw
|
0-0: Called Strike 0-1: Foul Ball, location: 2F 0-2: Reached on error, E5 (Groundball, 56S) Michael Graham to second
|
Pitching: RHP Neal McElroy
|
|
Batting: RHB George Medine
|
0-0: Swinging Strike 0-1: Foul Ball, location: 2F 0-2: Ball 1-2: Fly out, F4 (Line Drive, 4)
|
Pitching: LHP Michael Hays
|
|
Batting: SHB Carlton Moreno
|
0-0: Ball 1-0: Fly out, F8 (Flyball, 78M)
|
Pitching: RHP Adam O'Herlihy
|
|
Batting: RHB Charles Branigan
|
0-0: Foul Ball, location: 2F 0-1: Called Strike 0-2: Foul Ball, location: 2F 0-2: Strikes out swinging
|
Bottom of the 8th over - 0 run(s), 1 hit(s), 1 error(s), 2 left on base; Clemson 9 - Seton Hall 6 |
TOP OF THE 9TH |
Clemson Tigers batting - Pitching for Seton Hall Pirates : LHP Wilbur Stone
|
Batting: SHB Jesse Brown
|
0-0: SINGLE (Flyball, 4MD)
|
Batting: LHB Aaron Thompson
|
0-0: Called Strike 0-1: Ball 1-1: Ball 2-1: Foul Ball, location: 2F 2-2: Strikes out looking
|
Batting: RHB Samuel Eaton
|
0-0: Ball 1-0: Called Strike 1-1: Foul Ball, location: 2F 1-2: Ball 2-2: Foul Ball, location: 2F 2-2: Ball 3-2: Base on Balls Jesse Brown to second
|
Pitching: RHP Matt Hernández
|
|
Batting: LHB Frank Vázquez
|
0-0: Ball 1-0: Foul Ball, location: 2F 1-1: Ball 2-1: Ball 3-1: Swinging Strike 3-2: Foul Ball, location: 2F 3-2: Foul Ball, location: 2F 3-2: Base on Balls Jesse Brown to third Samuel Eaton to second
|
Batting: RHB Leonard Harris
|
0-0: Swinging Strike 0-1: Ball 1-1: Called Strike 1-2: Strikes out swinging
|
Batting: LHB Peter Puckett
|
0-0: Called Strike 0-1: Foul Ball, location: 2F 0-2: Ball 1-2: Ball 2-2: Strikes out swinging
|
Top of the 9th over - 0 run(s), 1 hit(s), 0 error(s), 3 left on base; Clemson 9 - Seton Hall 6 |
BOTTOM OF THE 9TH |
Seton Hall Pirates batting - Pitching for Clemson Tigers : RHP Adam O'Herlihy
|
Pitching: RHP Bob Jordan
|
|
Batting: LHB Jerry Benjamin
|
0-0: Fly out, F9 (Flyball, 9)
|
Batting: RHB Ray Hernández
|
0-0: Called Strike 0-1: Foul Ball, location: 2F 0-2: Ball 1-2: Strikes out swinging
|
Batting: RHB Mark Morris
|
0-0: Foul Ball, location: 2F 0-1: Ball 1-1: Foul Ball, location: 2F 1-2: Hit by Pitch
|
Batting: RHB Tim Torres
|
0-0: Ball 1-0: Foul Ball, location: 2F 1-1: Ball 2-1: Ball 3-1: Called Strike 3-2: Foul Ball, location: 2F 3-2: Base on Balls Mark Morris to second
|
Batting: LHB Michael Graham
|
0-0: Ground out 1-3 (Groundball, P)
|
Bottom of the 9th over - 0 run(s), 0 hit(s), 0 error(s), 2 left on base; Clemson 9 - Seton Hall 6 |
|